AoeStats
← [LCDR] Alone

Fortress

510183986Analyzed
4v4 RM · 3d ago on Sep 29, 2026· 11m 42s· 8 players
Game mode
Random Map
Map size
Huge
Population
200
Speed
Normal
Resources
Standard
Victory
Conquest
Starting age
Dark Age
Ending age
Imperial Age
RankedLock teamsTeams togetherTeam positionsShared explorationLock speedFull tech treeHidden civsTurbo modeCheats
Victory
Defeat
🇨🇳 Hindustanis · China
1516
+16
🇲🇦 Vietnamese · Morocco
1505
+17
🇺🇸 Mongols · United States
1492
+17
🇵🇪 Burgundians · Peru
1462
+18
🇧🇷 Celts · Brazil
1672
-24
🇧🇷 Persians · Brazil
1653
-22
🇧🇷 Gurjaras · Brazil
1373
-11
🇧🇷 Spanish · Brazil
1372
-11
Dwarf king
6:59 Feudal Age
10:46 Castle Age
8:39 Double-Bit Axe
9:21 Horse Collar
enzoyin68
7:14 Feudal Age
8:13 Double-Bit Axe
11:12 Castle Age
9:09 Horse Collar
12:12 Bow Saw
12:04 Heavy Plow
Samara
7:43 Feudal Age
8:28 Double-Bit Axe
8:50 Horse Collar
11:22 Castle Age
9:44 Fletching
9:52 Gold Mining
11:13 Padded Archer Armor
12:01 Bodkin Arrow
Kaanan
2:17 Double-Bit Axe
2:37 Loom
3:07 Horse Collar
7:37 Feudal Age
11:31 Castle Age
10:10 Bow Saw
11:16 Heavy Plow
[LCDR]Zuru
7:32 Feudal Age
11:06 Castle Age
9:01 Double-Bit Axe
9:38 Gold Mining
10:04 Horse Collar
11:32 Wheelbarrow
[LCDR] Alone
7:29 Feudal Age
11:07 Castle Age
9:12 Double-Bit Axe
9:31 Horse Collar
12:09 Bow Saw
GAX | BiduZera
7:45 Feudal Age
11:35 Castle Age
9:58 Double-Bit Axe
10:52 Horse Collar
Gomes
7:39 Feudal Age
11:14 Castle Age
Connection lost

Rejoining the realm…

Still unreachable

The connection could not be restored.

Session expired

The server has moved on; the page needs a fresh start.